 Dungeon Crawl Stone Soup version 0.29.1-15-g9cfb28693d (webtiles) character file.

Game seed: 1203210770061015254

138 Artool the Trooper (level 5, -1/42 HPs)
             Began as a Demonspawn Fighter on Apr 6, 2023.
             Succumbed to a scorpion's poison
             ... on level 3 of the Dungeon.
             The game lasted 00:05:01 (4369 turns).

Artool the Trooper (Demonspawn Fighter)             Turns: 4369, Time: 00:05:01

Health: -1/42      AC:  9    Str: 18    XL:     5   Next: 1%
Magic:  5/5        EV:  9    Int:  9    God:
Gold:   145        SH:  4    Dex: 13    Spells: 4/4 levels left

rFire   . . .      SeeInvis .   s - +0 whip
rCold   . . .      Faith    .   c - +0 buckler
rNeg    . . .      Spirit   .   b - +0 scale mail
rPois   .          Reflect  .   (helmet restricted)
rElec   .          Harm     .   (no cloak)
rCorr   .          Rampage  .   (no gloves)
Will    .....                   (no boots)
Stlth   ..........              j - amulet of magic regeneration
HPRegen 0.14/turn               (no ring)
MPRegen 0.49/turn               (no ring)

@: lethally poisoned (-1 -> -19)
A: antennae 1, molten scales 1
a: no special abilities


You were on level 3 of the Dungeon.
You visited 1 branch of the dungeon, and saw 4 of its levels.

You collected 145 gold pieces.

Inventory:

Hand Weapons
 a - a +0 flail
 s - a +0 whip (weapon)
Missiles
 e - 3 poisoned darts (quivered)
 i - 5 boomerangs
 u - 6 javelins
Armour
 b - a +0 scale mail (worn)
 c - a +0 buckler (worn)
Magical Staves
 t - a staff of cold
Jewellery
 j - an amulet of magic regeneration (around neck)
Scrolls
 f - a scroll of immolation {unknown}
 g - 6 scrolls of identify {unknown}
 h - a scroll of teleportation {unknown}
 l - a scroll of enchant armour {unknown}
 o - a scroll of fear {unknown}
 q - a scroll of magic mapping {unknown}
Potions
 d - a potion of might
 k - a potion of brilliance {unknown}
 m - a potion of flight {unknown}
 n - 3 potions of degeneration {unknown}
 p - 2 potions of heal wounds {unknown}
 r - a potion of curing {unknown}


   Skills:
 + Level 4.1 Fighting
 + Level 3.1 Maces & Flails
 + Level 3.7 Armour
 - Level 2.6 Shields


You had 4 spell levels left.
You didn't know any spells.
Your spell library contained the following spells:

 Spells                   Type           Power      Damage    Failure   Level
 Foxfire                  Conj/Fire      0%         2x1d4     86%         1
 Conjure Flame            Conj/Fire      0%         6-21      99%         3
 Gell's Gravitas          Tloc           0%         N/A       99%         3
 Inner Flame              Hex/Fire       0%         N/A       99%         3
 Lesser Beckoning         Tloc           0%         N/A       99%         3
 Ozocubu's Armour         Ice            0%         N/A       99%         3
 Teleport Other           Tloc           0%         N/A       99%         3
 Flame Wave               Conj/Fire      0%         2d4       100%        4
 Metabolic Englaciation   Hex/Ice        0%         N/A       100%        5
 Simulacrum               Ice/Necr       0%         N/A       100%        6


Dungeon Overview and Level Annotations

Branches:
Dungeon (4/15)
 Temple: D:4-7

Altars:


Innate Abilities, Weirdness & Mutations

You have a pair of small antennae on your head.
You are partially covered in molten scales. (AC +2)


Message History

The scorpion misses you.
You barely miss the scorpion.
The scorpion is severely wounded.
The scorpion barely misses you.
You hit the scorpion.
The scorpion is severely wounded.
The scorpion completely misses you.
You barely miss the scorpion.
The scorpion is severely wounded.
The scorpion stings you but does no damage.
The scorpion stings you.
You closely miss the scorpion.
The scorpion is severely wounded.
The scorpion stings you.
You barely miss the scorpion.
The scorpion is severely wounded.
The scorpion stings you.
You are lethally poisoned!
The scorpion poisons you!
You closely miss the scorpion.
The scorpion is severely wounded.
* * * LOW HITPOINT WARNING * * *
You feel very sick. The scorpion closely misses you.
You barely miss the scorpion.
The scorpion is severely wounded.
* * * LOW HITPOINT WARNING * * *
You feel sick. The scorpion barely misses you.
You hit the scorpion.
The scorpion is almost dead.
* * * LOW HITPOINT WARNING * * *
You feel sick. The scorpion stings you.
* * * LOW HITPOINT WARNING * * *
You are more poisoned.
The scorpion poisons you!
The scorpion stings you but does no damage.
Unknown command.
You barely miss the scorpion.
The scorpion is almost dead.
You die...

.....#.........########.#
.....#.........'.....##.####
####.#.........#####.##.##.# #
#.#.........#####.##.##.#
####[#.............#.##.##.#
.....#.............#.......#
.......)...........####.##.#
####..#..#.....).s.# #.##†#
......#..#......@..# #.##.#
####..#..#..###########.##.###
.............................#
#..#...#.#..###########.##.#.#
#............................#
#..........##########.#.##...#
.........#.#..........#.##...#
#..#.#...#+##.#######.#.##...#
#..#.#........# #.#.##...#


You could see a scorpion.

Vanquished Creatures
  6 adders (D:3)
  6 worms
  5 orcs
  5 ball pythons
  2 bats
  7 endoplasms
  3 giant cockroaches
  4 goblins
  8 hobgoblins
  2 jackals (D:3)
  3 kobolds
  2 quokkas
  2 frilled lizards
  3 rats
58 creatures vanquished.

Notes
Turn   | Place    | Note
-------+----------+-------------------------------------------
     0 | D:1      | Artool the Demonspawn Fighter began the quest for the Orb.
     0 | D:1      | Reached XP level 1. HP: 18/18 MP: 1/1
   337 | D:1      | Gained mutation: You are partially covered in molten
                  | scales. (AC +2) [demonic ancestry]
   337 | D:1      | Reached XP level 2. HP: 20/24 MP: 2/2
  1444 | D:2      | Reached XP level 3. HP: 29/29 MP: 3/3
  2495 | D:3      | Gained mutation: You have a pair of small antennae on your
                  | head. [demonic ancestry]
  2495 | D:3      | Reached XP level 4. HP: 32/37 MP: 4/4
  3457 | D:3      | Reached skill level 4 in Fighting
  4146 | D:4      | Reached XP level 5. HP: 15/42 MP: 5/5
  4369 | D:3      | Succumbed to a scorpion's poison

Illustrated notes

Levels and vault maps discovered:
D:1:      scummos_arrival_simple_fountains, layout_basic
D:2:      layout_basic, chequers_serial_rivers_marsh, hangedman_decor_lopped,
          minmay_randomly_rotated_circles
D:3:      layout_basic
D:4:      layout_cave_pools, mainiacjoe_overflow_cross_hatched,
          corexii_corridor_pit

Skill      XL: |  1  2  3  4 |
---------------+-------------+-----
Maces & Flails | 2 3 |  3.1
Armour         | 3 |  3.7
Fighting       | 4 |  4.1
Shields        | |  2.6

Action                   |  1- 3 |  4- 6 || total
-------------------------+-------+-------++-------
Melee: Flail             |   111 |       ||   111
       Whip              |    11 |   179 ||   190
Armor: Scale mail        |    58 |    77 ||   135
Dodge: Dodged            |    48 |    72 ||   120
Block: Buckler           |    21 |    37 ||    58
